 Dungeon Crawl Stone Soup version 0.20.0-7-g3b7b877 (webtiles) character file.

106 MDvedh the Chopper (level 4, -2/39 HPs)
             Began as a Hill Orc Monk on May 29, 2017.
             Slain by Crazy Yiuf
             ... wielding a +3 quarterstaff of chaos
              (6 damage)
             ... on level 2 of the Dungeon.
             The game lasted 00:02:34 (1811 turns).

MDvedh the Chopper (Hill Orc Monk)                  Turns: 1811, Time: 00:02:34

Health: -2/39      AC:  8    Str: 19    XL:     4   Next: 84%
Magic:  2/4        EV:  8    Int: 10    God:
Gold:   76         SH:  0    Dex: 13    Spells: 3/3 levels left

rFire    . . .     SeeInvis .   a - +0 hand axe
rCold    . . .     Gourm    .   (no shield)
rNeg     . . .     Faith    .   g - +0 chain mail
rPois    .         Spirit   .   (no helmet)
rElec    .         Reflect  .   (no cloak)
rCorr    .         Harm     .   (no gloves)
MR       .....                  (no boots)
Stlth    ..........             (no amulet)
Regen    0.2/turn               (no ring)
MPRegen  0.1/turn               (no ring)

@: mighty, lethally poisoned (-2 -> -5), drained
A: no striking features
a: no special abilities


You were on level 2 of the Dungeon.
You were very hungry.

You visited 1 branch of the dungeon, and saw 2 of its levels.

You collected 76 gold pieces.

Inventory:

Hand Weapons
 a - a +0 hand axe (weapon)
Armour
 b - a +0 robe
 g - a +0 chain mail (worn)
Scrolls
 e - a scroll of magic mapping {unknown}
 f - a scroll of recharging {unknown}
 i - 2 scrolls of identify {unknown}
 n - a scroll of blinking {unknown}
Potions
 k - a potion of curing {unknown}
 l - a potion of lignification {unknown}
 m - a potion of magic {unknown}
 o - a potion of degeneration {unknown}
Comestibles
 c - 2 bread rations
 h - 5 fruits
 j - a meat ration


   Skills:
 - Level 3.6(2.9) Fighting
 + Level 7.1(6.4) Axes
 - Level 2.4(1.8) Dodging
 - Level 1.5(0.9) Stealth


You had 3 spell levels left.
You didn't know any spells.

Dungeon Overview and Level Annotations

Branches:
Dungeon (2/15)

Altars:
Nemelex Xobeh

Annotations:
D:2 Crazy Yiuf


Message History

You feel sick.
Crazy Yiuf hits you with a quarterstaff of chaos.
You feel your power leaking away.
You hit Crazy Yiuf.
Crazy Yiuf is severely wounded.
Crazy Yiuf hits you with a quarterstaff of chaos.
You barely miss Crazy Yiuf.
Crazy Yiuf is severely wounded.
You feel sick.
Crazy Yiuf says, "Paint horse wrapper!"
Crazy Yiuf hits you with a quarterstaff of chaos!
* * * LOW HITPOINT WARNING * * *
You feel drained.
* * * LOW HITPOINT WARNING * * *
* * * LOW HITPOINT WARNING * * *
You feel sick.
You feel very mighty all of a sudden.
Crazy Yiuf twirls on the spot.
Crazy Yiuf hits you with a quarterstaff of chaos.
You die...

..#'##......# #........##
#)..........# ##### #........##
#......###..# #..)# #........##
#.....>..+..# #...# ###########
.....#####..# ... #..........
#.##.# #..# #'# ##.##.#####
#....# #..# ♣♣.♣ #.##.# #
#.########.## ♣g♣♣ #####.#####
............# ♣♣@♣ #..........
#.########..# ♣.♣♣ #.....#####
..# #..# ♣♣.♣♣ #....###### #.#
#..# ♣...♣♣ #....'....# #.# #..#
♣....♣ #....####.# #.# #..#
##..## #....# #.# #.###
#..###....####....# #.#
#...#######................####.#
#.........'................'..<.#


You could see Crazy Yiuf.

Vanquished Creatures
  4 adders (D:2)
  An ooze (D:2)
  3 worms (D:2)
  4 dart slugs
  A leopard gecko (D:1)
  3 bats
  2 giant cockroaches (D:2)
  4 hobgoblins
  A jackal (D:2)
  4 frilled lizards
  12 goblins
  6 kobolds
  4 rats (D:1)
49 creatures vanquished.

Notes
Turn   | Place    | Note
-------+----------+-------------------------------------------
     0 | D:1      | MDvedh the Hill Orc Monk began the quest for the Orb.
     0 | D:1      | Reached XP level 1. HP: 19/19 MP: 1/1
    65 | D:1      | Reached XP level 2. HP: 16/26 MP: 2/2
   104 | D:1      | Reached skill level 5 in Axes
   647 | D:1      | Reached XP level 3. HP: 29/31 MP: 3/3
   811 | D:2      | Reached skill level 6 in Axes
   814 | D:2      | Reached XP level 4. HP: 32/39 MP: 4/4
  1169 | D:2      | Found a sparkling altar of Nemelex Xobeh.
  1326 | D:2      | Reached skill level 7 in Axes
  1544 | D:2      | Found a runed door.
  1797 | D:2      | Noticed Crazy Yiuf
  1811 | D:2      | Slain by Crazy Yiuf

Skill      XL: |  1  2  3  4 |
---------------+-------------+-----
Axes           | 5 6 7 |  7.1
Fighting       | |  3.6
Dodging        | |  2.4
Stealth        | |  1.5

Action                   |  1- 3 |  4- 6 || total
-------------------------+-------+-------++-------
Melee: Hand axe          |    90 |    91 ||   181
  Use: Potion            |       |     1 ||     1
  Eat: Chunk             |       |     2 ||     2
Armor: Robe              |     2 |       ||     2
       Chain mail        |    48 |    37 ||    85
Dodge: Dodged            |    41 |    18 ||    59
